 Adventure DCSS version bcrawl-1.18.1 (webtiles) character file.

Game seed: 6140592341655666548

1058 Leeroy the Slasher (level 8, -8/46 HPs)
             Began as a Skeleton Reaver on Nov 11, 2019.
             Was a Priest of Vehumet.
             Mangled by a bullfrog (9 damage)
             ... on level 6 of the Dungeon.
             The game lasted 00:15:40 (5382 turns).

Leeroy the Slasher (Skeleton Reaver)                Turns: 5382, Time: 00:15:41

Health: -8/46      AC:  7    Str: 18 (19) XL:     8   Next: 6%
Magic:  0/12       EV: 12    Int: 11 (12) God:    Vehumet [***...]
Gold:   86         SH:  0    Dex:  9      Spells: 1/13 levels left
                                        Lives:  0   Deaths: 2

rFire    . . .     SeeInvis .   i - +2 short sword (elec)
rCold    + . .     Gourm    .   (no shield)
rNeg     + + +     Faith    .   b - +0 steam dragon scales
rPois    ∞         Spirit   +   (no helmet)
rElec    .         Reflect  .   (no cloak)
rCorr    .         Harm     .   (no gloves)
MR       +....                  d - +0 pair of boots
Stlth    +.........             (no amulet)
HPRegen  0.15/turn              (no ring)
MPRegen  0.13/turn              (no ring)

@: very slightly contaminated
A: no food or potions, cold resistance 1, deterioration 1, negative energy
resistance 3, powered by death 1, torment resistance, unbreathing, magic shield,
sturdy frame 1, spell healing
a: Renounce Religion


You were on level 6 of the Dungeon.
You worshipped Vehumet.
Vehumet was most pleased with you.
You were not hungry.

You visited 2 branches of the dungeon, and saw 7 of its levels.

You collected 386 gold pieces.
You spent 300 gold pieces at shops.

Inventory:

Hand Weapons
 a - a +0 long sword
 g - a +0 dagger of freezing
 i - a +2 short sword of electrocution (weapon)
 j - a +2 short sword of venom
 k - a +3 flail of protection
 p - a -2 quarterstaff
Missiles
 h - 98 tomahawks (quivered)
 l - 539 sling bullets
Armour
 b - +0 steam dragon scales (worn)
 d - a +0 pair of boots (worn)
Jewellery
 q - a +3 ring of evasion {unknown}
Scrolls
 c - a scroll of immolation
 e - 3 scrolls of remove curse
 f - 8 scrolls of identify
 m - a scroll of noise {unknown}
 n - a scroll of amnesia {unknown}
 o - a scroll of enchant armour {unknown}


   Skills:
 - Level 3.0 Fighting
 - Level 7.0 Long Blades
 - Level 2.1 Staves
 - Level 6.3 Armour
 - Level 3.0 Dodging
 + Level 3.0 Spellcasting
 + Level 6.9 Conjurations


You had one spell level left.
You knew the following spells:

 Your Spells              Type           Power        Failure   Level  Hunger
a - Shock                 Conj/Air       #....        1%          1    N/A
b - Throw Frost           Conj/Ice       #.....       2%          2    N/A
c - Stone Arrow           Conj/Erth      #.....       5%          3    N/A
d - Dazzling Spray        Conj/Hex       #.....       5%          3    N/A
e - Confuse               Hex            #.......     61%         3    N/A

Your spell library contained the following spells:

 Spells                   Type           Power        Failure   Level  Hunger
 Conjure Flame            Conj/Fire      #.......     5%          3    N/A
 Iskenderun's Battlesphe  Conj/Chrm      #.......     38%         5    N/A
 Yara's Violent Unravell  Hex/Tmut       #.........   52%         4    N/A
 Petrify                  Tmut/Erth      #.......     95%         4    N/A
 Metabolic Englaciation   Hex/Ice        #.........   100%        5    N/A
 Mana Rupture             Conj/Hex       #.........   100%        7    N/A

Dungeon Overview and Level Annotations

Branches:
Dungeon (6/12)             Temple (1/1) D:4

Altars:
Ashenzari
Cheibriados
Elyvilon
Lugonu
Makhleb
Okawaru
Qazlal
Ru
Trog
Uskayaw
Vehumet
Xom
Zin
The Shining One

Shops:
D:5 :


Innate Abilities, Weirdness & Mutations

You do not eat or drink.
You are immune to poison.
Your flesh is cold resistant. (rC+)
Your body sometimes deteriorates upon taking damage.
You are immune to negative energy. (rN+++)
You regenerate a little health from kills.
You are immune to unholy pain and torment.
You can survive without breathing.
When hurt, damage is shared between your health and your magic reserves.
Your movements are slightly less encumbered by armour. (ER -2)
Casting spells heals you.


Message History

The bullfrog hits you.
You barely miss the bullfrog.
The bullfrog is lightly wounded.
The bullfrog hits you!
* * * LOW HITPOINT WARNING * * *
You hit the bullfrog.
The bullfrog is lightly wounded.
The bullfrog completely misses you. The bullfrog misses you.
The bullfrog hits you!
* * * LOW HITPOINT WARNING * * *
The bullfrog hits you.
* * * LOW HITPOINT WARNING * * *
Okay, then.
Casting: Dazzling Spray (safe; 5% risk of failure)
Confirm with . or Enter, or press ? or * to list all spells.
Okay, then.
Okay, then.
You drop a scroll labeled ERUATI USIAMA.
The bullfrog hits you!
You die...

#...#....#.......
#######....>#.......
#.# #..............
##.#####............#
#....##..........###
##.....#######...
###...# ..> #....# ..
##.@..# ###..F..#
#.......#
##.......###+
#............
##..#.#.....#
########.##.# .# . ..


You could see a bullfrog.

Vanquished Creatures
  Prince Ribbit (D:5)
  Edmund (D:5)
  A sky beast (D:4)
  A phantom (D:5)
  An ogre (D:5)
  2 scorpions
  A crimson imp (D:4)
  4 orc wizards
  2 orc priests (D:4)
  A bullfrog skeleton (D:4)
  An iguana (D:4)
  4 worker ants (D:5)
  A hound skeleton (D:5)
  2 worker ant zombies (D:5)
  10 adders
  A shadow imp (D:5)
  2 oozes
  7 worms
  3 dart slugs
  A leopard gecko (D:5)
  13 orcs
  2 giant cockroaches
  7 goblins
  11 hobgoblins
  8 jackals
  A quokka (D:2)
  A ball python (D:5)
  6 bats
  2 frilled lizards (D:1)
  7 kobolds
  A quokka skeleton (D:4)
  8 rats
  A demonic plant (Temple)
115 creatures vanquished.

Notes
Turn   | Place    | Note
-------+----------+-------------------------------------------
     0 | D:1      | Leeroy the Skeleton Reaver began the quest for the Orb.
     0 | D:1      | Reached XP level 1. HP: 14/14 MP: 4/4
   163 | D:1      | Reached skill level 4 in Long Blades
   292 | D:1      | Reached XP level 2. HP: 13/19 MP: 6/6
   492 | D:1      | Reached * piety under Vehumet
   492 | D:1      | Offered knowledge of Shock by Vehumet.
   702 | D:1      | Learned a level 1 spell: Shock
   897 | D:1      | Reached skill level 5 in Long Blades
  1247 | D:2      | Reached XP level 3. HP: 23/23 MP: 7/7
  1367 | D:2      | Found a radiant altar of Vehumet.
  1539 | D:2      | Reached skill level 6 in Long Blades
  1539 | D:2      | Reached XP level 4. HP: 16/28 MP: 2/8
  1710 | D:2      | Found an iron altar of Okawaru.
  1828 | D:2      | Found a glowing silver altar of Zin.
  1913 | D:2      | Offered knowledge of Throw Frost by Vehumet.
  1917 | D:2      | Learned a level 2 spell: Throw Frost
  2005 | D:2      | Found a sacrificial altar of Ru.
  2187 | D:2      | Reached ** piety under Vehumet
  2291 | D:3      | Noticed a +0 hand axe
  2291 | D:3      | Noticed a +0 dagger
  2306 | D:3      | Found a hide-covered altar of Uskayaw.
  2308 | D:3      | Reached XP level 5. HP: 25/32 MP: 6/9
  2315 | D:3      | Reached skill level 7 in Long Blades
  2534 | D:3      | Reached skill level 1 in Armour
  2659 | D:4      | Found a white marble altar of Elyvilon.
  2790 | D:4      | Noticed a troll
  2809 | D:4      | Slain by a troll
  2810 | D:4      | Reached XP level 4. HP: -3/28 MP: 0/8
  2943 | D:4      | Found a staircase to the Ecumenical Temple.
  2946 | D:4      | Reached XP level 5. HP: 32/32 MP: 9/9
  2949 | D:4      | Reached skill level 1 in Staves
  2955 | Temple   | Entered the Ecumenical Temple
  2998 | D:4      | Noticed a phantom
  3058 | D:4      | Slain by a phantom
  3059 | D:4      | Reached XP level 4. HP: -3/28 MP: 0/8
  3081 | D:4      | Reached XP level 5. HP: 27/32 MP: 6/9
  3175 | D:4      | Noticed a sky beast
  3191 | D:4      | Killed a sky beast
  3191 | D:4      | Offered knowledge of Stone Arrow by Vehumet.
  3343 | D:4      | Reached skill level 5 in Armour
  3343 | D:4      | Gained mutation: You regenerate a little health from kills.
                  | [Skeleton growth]
  3343 | D:4      | Reached XP level 6. HP: 8/37 MP: 6/10
  3824 | D:5      | Entered Level 5 of the Dungeon
  3880 | D:5      | Found a corrupted altar of Lugonu.
  3901 | D:5      | Reached *** piety under Vehumet
  3993 | D:5      | Found Kor Ymm's Book Shoppe.
  3995 | D:5      | Noticed Edmund
  4053 | D:5      | Found a stormy altar of Qazlal.
  4167 | D:5      | Reached skill level 1 in Conjurations
  4176 | D:5      | Killed Edmund
  4176 | D:5      | Reached XP level 7. HP: 6/41 MP: 2/11
  4451 | D:5      | Bought a book of Misfortune for 300 gold pieces
  4455 | D:5      | Learned a level 3 spell: Stone Arrow
  4459 | D:5      | Learned a level 3 spell: Dazzling Spray
  4463 | D:5      | Learned a level 3 spell: Confuse
  4602 | D:5      | Found a shattered altar of Ashenzari.
  4974 | D:5      | Noticed Prince Ribbit
  4980 | D:5      | Killed Prince Ribbit
  5239 | D:5      | Offered knowledge of Conjure Flame by Vehumet.
  5242 | D:5      | Reached XP level 8. HP: 46/46 MP: 9/12
  5380 | D:6      | HP: 1/46 [bullfrog (3)]
  5382 | D:6      | Mangled by a bullfrog

Skill      XL: |  1  2  3  4  5  6  7 |
---------------+----------------------+-----
Long Blades    | 4 5 6 7 |  7.0
Armour         | 5 6 |  6.3
Staves         | 2 1 |  2.1
Conjurations   | 3 6 |  6.9
Fighting       | |  3.0
Dodging        | |  3.0
Spellcasting   | |  3.0

Action                   |  1- 3 |  4- 6 |  7- 9 || total
-------------------------+-------+-------+-------++-------
Melee: Long sword        |   114 |       |       ||   114
       Short sword       |    33 |   277 |    90 ||   400
Throw: Tomahawk          |     6 |       |       ||     6
 Cast: Shock             |    16 |    20 |     3 ||    39
       Throw Frost       |       |     3 |       ||     3
       Dazzling Spray    |       |       |     9 ||     9
       Confuse           |       |       |     3 ||     3
  Use: Scroll            |       |     5 |       ||     5
Armor: Steam dragon scal |    68 |    64 |    34 ||   166
Dodge: Dodged            |   122 |   113 |    51 ||   286
